 Dungeon Crawl Stone Soup version 0.23-a0-629-gae4348f (webtiles) character file.

27 Leeroy the Slasher (level 3, -1/28 HPs)
             Began as a Barachi Skald on Dec 26, 2018.
             Slain by a goblin (4 damage)
             ... led by Robin
             ... on level 1 of the Dungeon.
             The game lasted 00:02:08 (790 turns).

Leeroy the Slasher (Barachi Skald)                   Turns: 790, Time: 00:02:09

Health: -1/28      AC:  4    Str: 12    XL:     3   Next: 10%
Magic:  2/6        EV: 12    Int: 19    God:
Gold:   97         SH:  0    Dex: 11    Spells: 2/6 levels left

rFire    . . .     SeeInvis .   a - +0 falchion
rCold    . . .     Gourm    .   (no shield)
rNeg     . . .     Faith    .   b - +0 leather armour
rPois    .         Spirit   .   (no helmet)
rElec    .         Reflect  .   e - +0 cloak (curse)
rCorr    .         Harm     .   (no gloves)
MR       .....                  (no boots)
Stlth    +.........             (no amulet)
HPRegen  0.09/turn              (no ring)
MPRegen  0.10/turn              (no ring)

@: brilliant, flying, very slightly contaminated, slow
A: +LOS, swims, slowness 1, strong legs 1
a: Hop


You were on level 1 of the Dungeon.
You were not hungry.

You visited 1 branch of the dungeon, and saw 2 of its levels.

You collected 97 gold pieces.

Inventory:

Hand Weapons
 a - a +0 falchion (weapon)
 f - a +0 dagger
 g - a +0 dagger
 k - a +0 short sword
 o - a +0 hand axe
Missiles
 h - 40 stones (quivered)
 l - 10 poisoned needles
Armour
 b - a +0 leather armour (worn)
 e - a cursed +0 cloak (worn)
 j - a +0 scale mail
Scrolls
 c - a scroll of magic mapping {unknown}
 n - a scroll of teleportation {unknown}
Potions
 i - 2 potions of flight
Comestibles
 d - 4 rations


   Skills:
 + Level 2.8 Fighting
 * Level 3.8 Long Blades
 - Level 1.2 Armour
 - Level 2.1 Dodging
 - Level 2.3 Spellcasting
 - Level 3.2 Charms


You had 2 spell levels left.
You knew the following spells:

 Your Spells              Type           Power        Failure   Level  Hunger
a - Infusion              Chrm           ####         1%          1    #......
b - Spectral Weapon       Hex/Chrm       ###.....     4%          3    ###....

Your spell library contained the following spells:

 Spells                   Type           Power        Failure   Level  Hunger
 Shroud of Golubria       Chrm/Tloc      ###.......   1%          2    ##.....
 Song of Slaying          Chrm           ####....     1%          2    ##.....
 Regeneration             Chrm/Necr      ###.......   4%          3    ###....


Dungeon Overview and Level Annotations

Branches:
Dungeon (2/15)

Altars:

Annotations:
D:2 Robin


Innate Abilities, Weirdness & Mutations

Shadows flee at your approach. (+LOS)
You can swim through water.
You cover ground slowly.
You can hop short distances.


Message History

It was a potion of brilliance.
You feel clever all of a sudden. The goblin barely misses you.
The hobgoblin barely misses your spectral weapon.
The goblin hits you.
* * * LOW HITPOINT WARNING * * *
The goblin completely misses you. The goblin hits you but does no damage.
The hobgoblin closely misses you.
You riposte.
You hit the hobgoblin but do no damage. You hit the goblin.
The goblin is heavily wounded.
Your spectral weapon hits the goblin!
You kill the goblin!
The goblin hits you.
* * * LOW HITPOINT WARNING * * *
The hobgoblin hits your spectral weapon.
Your spectral weapon shares its damage with you!
* * * LOW HITPOINT WARNING * * *
The goblin hits you.
You die...

#.#
##.##.####.........#
#.#
#.##.###...#..#####
#.# #.##.....#....#
#.# #.######...#.##
#.# #.# ##.##.# #.#
#####.# ##.##.#
#.###...#.######.....#
#....###.gggg.##..####
####.# #..(@g.....#
###.###.########.#
#..........# #.#
#.##...###.# #.#
#.#.....##.# #.#
#######.#.###.##.# #.#
..........###....###
#.#
..#####.#.##.......#
#.# #.#
#.#....###...###.#


You could see 2 hobgoblins, 3 goblins and a friendly spectral +0 falchion.

Vanquished Creatures
  A dart slug (D:1)
  2 leopard geckos (D:1)
  A ball python (D:1)
  2 bats (D:1)
  A giant cockroach (D:1)
  7 goblins (D:1)
  2 frilled lizards (D:1)
  4 kobolds (D:1)
  2 rats (D:1)
22 creatures vanquished.

Notes
Turn   | Place    | Note
-------+----------+-------------------------------------------
     0 | D:1      | Leeroy the Barachi Skald began the quest for the Orb.
     0 | D:1      | Reached XP level 1. HP: 17/17 MP: 3/3
   242 | D:1      | Reached XP level 2. HP: 18/23 MP: 5/5
   763 | D:2      | Noticed Robin
   772 | D:1      | Reached XP level 3. HP: 19/28 MP: 3/6
   779 | D:1      | Learned a level 3 spell: Spectral Weapon
   790 | D:1      | Slain by a goblin

Vault maps used:
D:1:      lemuel_arrival_lava_pool, minmay_quantized
D:2:      uniq_robin

Skill      XL: |  1  2 |
---------------+-------+-----
Long Blades    | 3 |  3.8
Fighting       | |  2.8
Armour         | |  1.2
Dodging        | |  2.1
Spellcasting   | |  2.3
Charms         | |  3.2

Action                   || total
-------------------------++-------
Melee: Falchion          ||    49
 Cast: Spectral Weapon   ||     1
  Use: Potion            ||     2
Armor: Leather armour    ||    28
Dodge: Dodged            ||    64
       Rpst.: Falchion   ||    25

Table legend:
 A = Non-vault XP
 B = Vault XP
 C = Vault XP percentage of total XP
 D = Non-vault monster count
 E = Vault monster count
 F = Vault count percentage of total count
                 A         B        C        D         E       F
            +---------+---------+-------+---------+---------+-------
      Total |      26 |      13 |  33.3 |      15 |       7 |  31.8
            +---------+---------+-------+---------+---------+-------
        D:1 |      26 |      13 |  33.3 |      15 |       7 |  31.8
            +---------+---------+-------+---------+---------+-------
